 Dungeon Crawl Stone Soup version 0.24.0-123-gd5b16e6ec5 (webtiles) character file.

Game seed: 17573554025796260854, levelgen mode: deterministic

934 Martska the Ducker (level 8, 0/60 HPs)
             Began as a Merfolk Ice Elementalist on Jan 28, 2020.
             Slain by Menkaure (8 damage)
             ... on level 4 of the Dungeon.
             The game lasted 00:29:03 (10275 turns).

Martska the Ducker (Merfolk Ice Elementalist)      Turns: 10275, Time: 00:29:04

Health: 0/60       AC: 11    Str:  8    XL:     8   Next: 11%
Magic:  6/12       EV: 14    Int: 14    God:
Gold:   205        SH:  4    Dex: 17    Spells: 5/13 levels left

rFire    . . .     SeeInvis .   s - +0 spear
rCold    . . .     Gourm    .   r - +0 buckler
rNeg     . . .     Faith    .   q - +0 leather armour
rPois    .         Spirit   .   (no helmet)
rElec    .         Reflect  .   p - +0 cloak
rCorr    +         Harm     .   (no gloves)
MR       .....                  g - +0 pair of boots
Stlth    +++.......             (no amulet)
HPRegen  0.20/turn              y - ring of resist corrosion
MPRegen  0.13/turn              (no ring)

@: icy armour
A: change form in water, swift swim, stealthy swim
a: no special abilities


You were on level 4 of the Dungeon.
You were not hungry.

You visited 1 branch of the dungeon, and saw 6 of its levels.

You collected 205 gold pieces.

Inventory:

Hand Weapons
 c - a +0 trident
 d - a +1 dagger
 s - a +0 spear (weapon)
Armour
 a - a +1 robe
 b - a +0 robe
 g - a +0 pair of boots (worn)
 p - a +0 cloak (worn)
 q - a +0 leather armour (worn)
 r - a +0 buckler (worn)
Jewellery
 l - an uncursed ring of attention
 y - a ring of resist corrosion (left hand)
Wands
 j - a wand of polymorph (11)
 m - a wand of flame (45)
Scrolls
 n - 2 scrolls of magic mapping
 t - 3 scrolls of identify
Potions
 e - a potion of degeneration {unknown}
 f - 2 potions of berserk rage {unknown}
 h - a potion of flight {unknown}
 i - 4 potions of brilliance {unknown}
 k - 2 potions of curing {unknown}
 o - a potion of lignification {unknown}
 u - a potion of cancellation {unknown}
 x - a potion of ambrosia {unknown}
Comestibles
 v - 2 rations


   Skills:
 + Level 4.1 Fighting
 + Level 4.1 Polearms
 + Level 1.2 Armour
 + Level 5.4 Dodging
 + Level 4.6 Stealth
 - Level 3.1 Spellcasting
 - Level 0.7 Conjurations
 + Level 1.9 Charms
 + Level 5.1 Ice Magic


You had 5 spell levels left.
You knew the following spells:

 Your Spells              Type           Power        Failure   Level  Hunger
a - Freeze                Ice            ###.         6%          1    #......
b - Throw Icicle          Conj/Ice       ##......     83%         4    #####..
c - Ozocubu's Armour      Chrm/Ice       ##......     34%         3    ###....

Your spell library contained the following spells:

 Spells                   Type           Power        Failure   Level  Hunger
 Throw Frost              Conj/Ice       ##....       22%         2    ##.....
 Animate Skeleton         Necr           N/A          45%         1    #......
 Apportation              Tloc           #.....       45%         1    #......
 Confusing Touch          Hex            #.....       45%         1    #......
 Summon Small Mammal      Summ           #...         45%         1    #......
 Summon Ice Beast         Ice/Summ       #.......     86%         4    #####..


Dungeon Overview and Level Annotations

Branches:
Dungeon (6/15)
 Temple: D:4-7

Altars:
Trog

Annotations:
D:4 Menkaure
D:5 Eustachio


Message History

Menkaure closely misses you. Menkaure barely misses you.
Casting: Freeze (safe; 6% risk of failure)
Confirm with . or Enter, or press ? or * to list all spells.
Aiming: Freeze (safe; 6% risk of failure)
Press: ? - help, Shift-Dir - straight line, f/p - Menkaure
Aim: Menkaure (severely damaged, fast) Menkaure resists.
You freeze Menkaure.
Menkaure is severely damaged.
Menkaure gestures at you while chanting.
Pain shoots through your body!
* * * LOW HITPOINT WARNING * * *
Casting: Freeze (safe; 6% risk of failure)
Confirm with . or Enter, or press ? or * to list all spells.
Aiming: Freeze (safe; 6% risk of failure)
Press: ? - help, Shift-Dir - straight line, f/p - Menkaure
Aim: Menkaure (severely damaged, fast) Menkaure resists.
You freeze Menkaure.
Menkaure is severely damaged.
Menkaure hits you!
You die...

#..........# ##.########.####
##########
######...##.).(.....#
#......†..
............÷###.##.#
#.########
.##.##...###.###.##.#
#........§ .##.###.##
#.##...#.####.#####... ....#
#.# #....#................
.####
#.#######..M#.[....##......
.#
#.>.......@##[.###.##......
.# #############..#
#.##...... .# ####..#
#.##.##... .#
#####.....###.##.##... .#
#.............##.##... .#
#.##...#......##.###.# .#
#.##...######.##.# #.# .#
#.##...######.##.# #.# ##
########..........(.....###.#


You could see Menkaure.

Vanquished Creatures
  A centaur (D:5)
  4 crimson imps (D:5)
  A centaur skeleton (D:5)
  2 hounds
  6 orc priests (D:4)
  A bullfrog skeleton (D:4)
  3 orc wizards
  A worker ant (D:3)
  An iguana (D:5)
  A hound zombie (D:5)
  A worker ant zombie (D:5)
  Robin (D:4)
  4 gnolls
  A howler monkey skeleton (D:5)
  7 adders
  A shadow imp (D:5)
  2 oozes
  An adder skeleton (D:4)
  2 worms
  2 dart slugs
  5 leopard geckos
  16 orcs
  4 bats
  4 giant cockroaches
  10 hobgoblins
  A jackal (D:5)
  2 quokkas (D:2)
  2 ball pythons
  6 frilled lizards
  19 goblins
  A jackal zombie (D:5)
  11 kobolds
  A quokka skeleton (D:5)
  6 rats
131 creatures vanquished.

Notes
Turn   | Place    | Note
-------+----------+-------------------------------------------
     0 | D:1      | Martska the Merfolk Ice Elementalist began the quest for
                  | the Orb.
     0 | D:1      | Reached XP level 1. HP: 13/13 MP: 3/3
   415 | D:1      | Reached XP level 2. HP: 19/19 MP: 1/5
  1472 | D:2      | Reached XP level 3. HP: 23/24 MP: 6/6
  2153 | D:2      | Reached XP level 4. HP: 29/30 MP: 7/7
  2224 | D:3      | Learned a level 4 spell: Throw Icicle
  2260 | D:3      | Found a transporter.
  2319 | D:3      | Found a transporter.
  2463 | D:3      | Found a bloodstained altar of Trog.
  3426 | D:4      | Noticed Robin
  3746 | D:3      | Reached XP level 5. HP: 15/36 MP: 1/9
  3948 | D:3      | Reached skill level 1 in Fighting
  4358 | D:4      | Noticed Menkaure
  4966 | D:3      | Reached XP level 6. HP: 10/44 MP: 4/10
  5455 | D:4      | Learned a level 3 spell: Ozocubu's Armour
  5817 | D:4      | Reached skill level 1 in Polearms
  5982 | D:4      | Killed Robin
  6590 | D:4      | Reached XP level 7. HP: 48/52 MP: 6/11
  7533 | D:5      | Entered Level 5 of the Dungeon
  7600 | D:5      | Reached skill level 1 in Charms
  8546 | D:5      | Noticed Eustachio
  8618 | D:4      | Reached skill level 5 in Dodging
  9153 | D:5      | Reached skill level 1 in Armour
  9529 | D:5      | Reached skill level 5 in Ice Magic
  9641 | D:5      | Reached XP level 8. HP: 31/60 MP: 2/12
 10275 | D:4      | Slain by Menkaure

Levels and vault maps discovered:
D:1:      minmay_arrival_doors, layout_basic
D:2:      layout_rooms, bh_walls_and_bars
D:3:      gammafunk_wand_slinger, layout_basic, trog_hazing_becter
D:4:      layout_loops_ring, serial_rivers, chequers_serial_rivers_micro_c,
          chequers_serial_rivers_small_b, chequers_serial_rivers_small_3,
          chequers_serial_rivers_small_3, chequers_serial_rivers_large_a,
          chequers_serial_rivers_micro_a, uniq_menkaure, uniq_robin
D:5:      layout_cave_pools, first_ration, uniq_eustachio
D:6:      layout_basic, minmay_temple_entry_mist, ebering_ghost_reflecting_pool,
          chequers_garden, kennysheep_generic_room_10

Skill      XL: |  1  2  3  4  5  6  7 |
---------------+----------------------+-----
Dodging        | 3 4 5 |  5.4
Stealth        | 3 4 |  4.6
Ice Magic      | 4 5 |  5.1
Fighting       | 2 3 4 |  4.1
Spellcasting   | 3 |  3.1
Polearms       | 2 4 |  4.1
Charms         | 1 |  1.9
Armour         | 1 |  1.2
Conjurations   | |  0.7

Action                   |  1- 3 |  4- 6 |  7- 9 || total
-------------------------+-------+-------+-------++-------
Melee: Dagger            |    52 |   130 |       ||   182
       Spear             |       |    57 |   214 ||   271
       Tailslap          |       |     3 |       ||     3
 Cast: Freeze            |    42 |   106 |    77 ||   225
       Ozocubu's Armour  |       |       |     6 ||     6
  Use: Scroll            |     2 |     9 |     1 ||    12
 Stab: Sleeping          |     6 |       |       ||     6
       Distracted        |       |     1 |     2 ||     3
  Eat: Chunk             |     2 |     2 |       ||     4
       Ration            |     1 |     4 |     4 ||     9
Armor: Robe              |    11 |     8 |       ||    19
       Leather armour    |       |    45 |    62 ||   107
Dodge: Dodged            |    58 |   237 |   183 ||   478
Block: Buckler           |       |    51 |    60 ||   111
